 Dungeon Crawl Stone Soup version 0.31-a0-764-g8440623082 (webtiles) character file.

Game seed: 14680643628330334440

142 PotatoSalad1221 the Ruffian (level 5, 0/42 HPs)
             Began as a Draconian Shapeshifter on Sept 15, 2023.
             Slain by a gnoll
             ... wielding a +2 whip of freezing
              (3 damage)
             ... on level 2 of the Dungeon.
             The game lasted 00:07:10 (1688 turns).

PotatoSalad1221 the Ruffian (DrSh)                  Turns: 1688, Time: 00:07:10

Health: 0/42       AC:  5    Str: 18    XL:     5   Next: 3%
Magic:  5/5        EV: 12    Int: 16    God:
Gold:   78         SH:  0    Dex: 11    Spells: 4/4 levels left

rFire   . .          .
                       - Unarmed
rCold   . . .        (no shield)
rNeg    . . .        (body armour unavailable)
rPois   .            (helmet currently unavailable)
rElec   .            (cloak currently unavailable)
rCorr   .            (gloves currently unavailable)
SInv    .            (boots currently unavailable)
Will    .....        (no amulet)
Stlth   +            d - +6 ring of intelligence
HPRegen 0.27/turn    (no ring)
MPRegen 0.09/turn

%: no passive effects
@: beast-form
A: beast (slay +2), AC +5, unfitting armour, cold-blooded
a: Begin Untransformation


You were on level 2 of the Dungeon.
You were a hulking beast.
You visited 1 branch of the dungeon, and saw 2 of its levels.

You collected 78 gold pieces.

Inventory:

Missiles
 a - a throwing net
Armour
 g - a +1 cloak
Jewellery
 d - a +6 ring of intelligence (left hand)
Talismans
 b - a beast talisman (active)
 c - a flux talisman
Scrolls
 e - 4 scrolls of teleportation {unknown}
 f - 2 scrolls of identify {unknown}
 h - a scroll of blinking {unknown}
 j - a scroll of enchant weapon {unknown}
 k - a scroll of fear {unknown}
 l - a scroll of fog {unknown}
Potions
 i - a potion of resistance {unknown}


   Skills:
 + Level 2.7 Fighting
 + Level 2.8 Dodging
 + Level 3.8 Unarmed Combat
 + Level 3.7 Shapeshifting


You had 4 spell levels left.
You didn't know any spells.
Your spell library contained the following spells:

 Spells                   Type           Power      Damage    Failure   Level
 Sting                    Tmut/Pois      0%         1d3       26%         1
 Ensorcelled Hibernation  Hex/Ice        0%         N/A       36%         2
 Passwall                 Tmut/Erth      0%         N/A       36%         2
 Poisonous Vapours        Pois/Air       0%         N/A       36%         2
 Swiftness                Air            0%         N/A       58%         3
 Olgreb's Toxic Radiance  Pois           0%         N/A       94%         4


Dungeon Overview and Level Annotations

Branches:
Dungeon (2/15)

Altars:


Innate Abilities, Weirdness & Mutations

You are a hulking beast.
Your limbs bulge with bestial killing power. (Slay +2)
Your plain brown scales are hard. (AC +5)
You cannot fit into any form of body armour.
You are cold-blooded and may be slowed by cold attacks.


Message History

You barely miss the gnoll.
The gnoll is lightly wounded.
The gnoll closely misses you.
You barely miss the gnoll.
The gnoll is lightly wounded.
The gnoll hits you with a +0 flail.
You hit the gnoll.
The gnoll is heavily wounded.
The gnoll misses you.
You barely miss the gnoll.
The gnoll is heavily wounded.
The gnoll hits you with a +0 flail!
You hit the gnoll.
The gnoll is severely wounded.
The gnoll hits you with a +0 flail.
* * * LOW HITPOINT WARNING * * *
You punch the gnoll!
You kill the gnoll!
You have reached level 5!
The gnoll closely misses you.
Things that are here:
a +0 flail; a +0 club; a gnoll corpse You hit the gnoll.
The gnoll is moderately wounded.
The gnoll hits you with a +2 whip of freezing.
* * * LOW HITPOINT WARNING * * *
You feel yourself slow down. The gnoll freezes you.
* * * LOW HITPOINT WARNING * * *
You punch the gnoll! Your punch misses the gnoll.
The gnoll is almost dead.
The gnoll completely misses you.
The gnoll hits you with a +2 whip of freezing.
* * * LOW HITPOINT WARNING * * *
The gnoll freezes you.
* * * LOW HITPOINT WARNING * * *
You barely miss the gnoll.
The gnoll is almost dead.
You feel yourself speed up.
The gnoll hits you with a +2 whip of freezing.
You die...

### #.# #.# ## # #.# <##.#####
#.# ......... #.# .##.###### #.#
)##.######.###################.##
...............)hg...............
..#.#####....####............####
.## .........# #............# #
.# ##.#....# #............# # .#
# #....# #............# ##
#######.#....# #............###.
........#....# #............##..
####.####....####............#..#
#.####......(+...............#


You could see a gnoll.

Vanquished Creatures
  7 gnolls
  2 adders
  2 worms
  A dart slug (D:2)
  A ball python (D:2)
  6 endoplasms
  4 giant cockroaches
  2 goblins
  2 hobgoblins
  7 jackals (D:1)
  6 kobolds
  A quokka (D:1)
  4 bats
  3 frilled lizards
  3 rats
51 creatures vanquished.

Notes
Turn   | Place    | Note
-------+----------+-------------------------------------------
     0 | D:1      | PotatoSalad1221 the Draconian Shapeshifter began the quest
                  | for the Orb.
     0 | D:1      | Reached XP level 1. HP: 16/16 MP: 1/1
   186 | D:1      | Reached XP level 2. HP: 23/23 MP: 2/2
   859 | D:2      | Reached XP level 3. HP: 29/29 MP: 3/3
  1125 | D:1      | Reached XP level 4. HP: 24/36 MP: 4/4
  1685 | D:2      | Reached XP level 5. HP: 12/42 MP: 5/5
  1688 | D:2      | Slain by a gnoll

Illustrated notes

Levels and vault maps discovered:
D:1:      co_arrival_random_square_maze, layout_loops_ring,
          hangedman_abyss_or_decor_stabs, minmay_misc_feat_four_crosses,
          dk_noncrumbling_4, minmay_tetromino_o2
D:2:      layout_basic

Skill      XL: |  1  2  3 |
---------------+----------+-----
Dodging        | 2 |  2.8
Fighting       | 2 |  2.7
Unarmed Combat | |  3.8
Shapeshifting  | |  3.7

Action                     |  1- 3 |  4- 6 || total
---------------------------+-------+-------++-------
  Melee: Unarmed           |   102 |    54 ||   156
         Tailslap          |     9 |     3 ||    12
         Punch             |     2 |     1 ||     3
    Use: Potion            |       |     1 ||     1
   Stab: Sleeping          |     2 |       ||     2
 Armour: Skin              |    60 |    40 ||   100
  Dodge: Dodged            |    80 |    26 ||   106

Table legend: (Time is in decaauts)
 A = Elapsed time spent in this place.
 B = Non-inter-level travel time spent in this place.
 C = Inter-level travel time spent in this place.
 D = Time resting spent in this place.
 E = Time spent auto-exploring this place.
 F = Levels seen in this place.
 G = Mean time per level.
                   A        B        C        D        E       F      G
               +--------+--------+--------+--------+--------+-----+--------+
         Total |   1686 |   1527 |    159 |    229 |    892 |   2 |  843.0 |
       Dungeon |   1686 |   1527 |    159 |    229 |    892 |   2 |  843.0 |
               +--------+--------+--------+--------+--------+-----+--------+

Top non-repeatable levels by time:
     D:1: 1226 daAuts
     D:2: 459 daAuts
